 Dungeon Sprint DCSS version 0.18.1-6-gd335043 (webtiles) character file.

118 Etesian the Zephyrmancer (level 5, 0/28 HPs)
             Began as a Tengu Air Elementalist on May 16, 2016.
             Was an Initiate of Vehumet.
             Slain by a troll (10 damage)
             ... in the Dungeon (Sprint IX: "|||||||||||||||||||||||||||||").
             The game lasted 00:01:25 (452 turns).

Etesian the Zephyrmancer (Tengu Air Elementalist)    Turns: 452, Time: 00:01:25

Health: 0/28       AC:  3    Str:  9    XL:     5   Next: 2%
Magic:  5/9        EV: 15    Int: 16    God:    Vehumet [......]
Gold:   0          SH:  0    Dex: 17    Spells: 2 memorised, 5 levels left

rFire  . . .     SeeInvis .     n - +2 rapier (venom)
rCold  . . .     Gourm    .     a - +0 robe
rNeg   . . .     Faith    .     (no shield)
rPois  .         Spirit   .     (helmet restricted)
rElec  .         Dismiss  .     (no cloak)
rCorr  .         Reflect  .     o - +0 pair of gloves
SustAt .         Harm     .     (boots unavailable)
MR     .....     NoTele   +     (no amulet)
Stlth  ++........               q - +3 ring of dexterity
                                p - +2 ring of evasion

@: repel missiles, not resistant to hostile enchantments, unstealthy
A: beak, talons 3, able to fly 1
a: Fly, Renounce Religion


You were in the Dungeon.
You worshipped Vehumet.
Vehumet was noncommittal.
You were not hungry.

You visited 1 branch

Inventory:

Hand Weapons
 n - a +2 rapier of venom (weapon)
Armour
 a - a +0 robe (worn)
 o - a +0 pair of gloves (worn)
Jewellery
 p - a +2 ring of evasion (left hand)
 q - a +3 ring of dexterity (right hand)
Wands
 m - a wand of iceblast (7/15)
Scrolls
 i - 2 scrolls of blinking
 k - 3 scrolls of remove curse
 l - 2 scrolls of amnesia
Potions
 d - 5 potions of curing
 e - 3 potions of heal wounds
 f - a potion of haste
 g - 4 potions of magic
 j - a potion of invisibility
Books
 b - a book of Air

   Spells                             Type                      Level
   a - Shock                          Conjuration/Air              1
   b - Swiftness                      Charms/Air                   2
   c - Repel Missiles                 Charms/Air                   2
   d - Static Discharge               Conjuration/Air              3
   e - Lightning Bolt                 Conjuration/Air              5
Comestibles
 c - a bread ration
 h - 3 chunks of flesh


   Skills:
 - Level 2.1 Dodging
 - Level 2.0 Stealth
 - Level 2.0 Spellcasting
 + Level 8.8 Conjurations
 + Level 9.5 Air Magic


You had 5 spell levels left.
You knew the following spells:

 Your Spells              Type           Power        Failure   Level  Hunger
a - Shock                 Conj/Air       ####         1%          1    #......
j - Repel Missiles        Chrm/Air       ###...       6%          2    ###....


Dungeon Overview and Level Annotations

Branches:
Dungeon (1/1)

Altars:
Cheibriados
Dithmenos
Elyvilon
Fedhas
Gozag
Kikubaaqudgha
Makhleb
Nemelex Xobeh
Okawaru
Pakellas
Qazlal
Ru
Sif Muna
Trog
Vehumet
Xom
Yredelemnul
Zin
The Shining One
Beogh
Jiyva
Lugonu


Innate Abilities, Weirdness & Mutations

You have a beak for a mouth.
You have claws for feet.
You can fly.


Message History

The zap hits the troll.
The troll is heavily wounded.
The zap hits the orc.
The orc appears unharmed.
The orc is severely wounded.
The zap hits the adder skeleton.
The zap hits the crimson imp.
The crimson imp is severely wounded.
The zap hits the hound.
You kill the hound!
Vehumet accepts your kill.
Your Air Magic skill increases to level 9!
You have reached level 5!
You have gained the ability to fly.
The troll completely misses you. The troll misses you. The troll claws you.
Unknown command.
You take 3 damage, and have 10/28 hp.
You hit the troll.
The troll looks even sicker.
You claw the troll. You peck the troll.
The troll is severely wounded.
The troll bites you!
You die...

▓_▓
▓'▓
▓.▓
▓.▓
▓|▓
▓)▓
▓.▓
▓[▓
▓@▓
▓T▓
▓o▓
▓Z▓
▓5▓
▓.▓
▓.▓
▓.▓
▓.▓


You could see a troll, a crimson imp, an orc and an adder skeleton.

Vanquished Creatures
  A crimson imp (D)
  A hound (D)
  An orc wizard (D)
  A worker ant (D)
  A bat (D)
  A bat zombie (D)
  A giant cockroach (D)
  A quokka (D)
  4 rats (D)
12 creatures vanquished.

Notes
Turn   | Place    | Note
--------------------------------------------------------------
     0 | D        | Etesian the Tengu Air Elementalist began the quest for the Orb.
     0 | D        | Reached XP level 1. HP: 10/10 MP: 4/4
    14 | D        | Reached skill level 5 in Air Magic
   304 | D        | Noticed a worker ant
   304 | D        | Noticed a crimson imp
   306 | D        | Reached XP level 2. HP: 13/15 MP: 3/6
   315 | D        | Reached skill level 5 in Conjurations
   315 | D        | Reached skill level 6 in Air Magic
   315 | D        | Reached XP level 3. HP: 19/19 MP: 0/7
   316 | D        | Reached skill level 8 in Air Magic
   316 | D        | Reached XP level 4. HP: 24/24 MP: 0/8
   351 | D        | Learned a level 2 spell: Repel Missiles
   391 | D        | Found a glowing silver altar of Zin.
   391 | D        | Found a glowing golden altar of the Shining One.
   391 | D        | Found an ancient bone altar of Kikubaaqudgha.
   391 | D        | Found a basalt altar of Yredelemnul.
   391 | D        | Found a shimmering altar of Xom.
   391 | D        | Found a radiant altar of Vehumet.
   392 | D        | Found an iron altar of Okawaru.
   393 | D        | Found a burning altar of Makhleb.
   394 | D        | Found a deep blue altar of Sif Muna.
   395 | D        | Found a bloodstained altar of Trog.
   396 | D        | Found a sparkling altar of Nemelex Xobeh.
   397 | D        | Found a white marble altar of Elyvilon.
   398 | D        | Found a roughly hewn altar of Beogh.
   399 | D        | Became a worshipper of Vehumet
   400 | D        | Found a viscous altar of Jiyva.
   401 | D        | Found a corrupted altar of Lugonu.
   402 | D        | Found a blossoming altar of Fedhas.
   403 | D        | Found a snail-covered altar of Cheibriados.
   404 | D        | Found a shadowy altar of Dithmenos.
   405 | D        | Found a stormy altar of Qazlal.
   406 | D        | Found an opulent altar of Gozag.
   407 | D        | Found a sacrificial altar of Ru.
   408 | D        | Found an oddly glowing altar of Pakellas.
   442 | D        | Noticed a troll
   451 | D        | Reached skill level 9 in Air Magic
   451 | D        | Gained mutation: You can fly. [Tengu growth]
   451 | D        | Reached XP level 5. HP: 15/28 MP: 4/9
   452 | D        | Slain by a troll

Skill      XL: |  1  2  3  4 |
---------------+-------------+-----
Conjurations   | 3 5 7 8 |  8.8
Air Magic      | 5 6 8 9 |  9.5
Dodging        | |  2.1
Stealth        | |  2.0
Spellcasting   | |  2.0

Action                   |  1- 3 |  4- 6 || total
-------------------------+-------+-------++-------
Melee: Unarmed           |    12 |       ||    12
       Kick              |     3 |     2 ||     5
       Peck              |     1 |     2 ||     3
       Rapier            |       |     4 ||     4
 Cast: Shock             |     8 |     4 ||    12
       Repel Missiles    |       |     1 ||     1
  Use: Potion            |     1 |       ||     1
Armor: Robe              |     4 |     1 ||     5
Dodge: Dodged            |    13 |    10 ||    23
